 Dungeon Crawl Stone Soup version 0.22.1-2-g9c5b331 (webtiles) character file.

146 whitewolfNL the Cudgeler (level 5, -2/46 HPs)
             Began as a Minotaur Berserker on Nov 27, 2018.
             Was a Believer of Trog.
             Slain by a river rat (8 damage)
             ... on level 3 of the Dungeon.
             The game lasted 00:06:17 (2193 turns).

whitewolfNL the Cudgeler (Minotaur Berserker)       Turns: 2193, Time: 00:06:18

Health: -2/46      AC:  3    Str: 21    XL:     5   Next: 7%
Magic:  4/4        EV: 13    Int:  5    God:    Trog [**....]
Gold:   50         SH:  0    Dex: 10    Spells: 4/4 levels left

rFire    . . .     SeeInvis .   p - +0 flail
rCold    . . .     Gourm    .   (no shield)
rNeg     . . .     Faith    .   b - +0 animal skin
rPois    .         Spirit   .   (helmet restricted)
rElec    .         Reflect  .   (no cloak)
rCorr    .         Harm     .   m - +0 pair of gloves
MR       .....                  (no boots)
Stlth    +.........             (no amulet)
HPRegen  0.15/turn              (no ring)
MPRegen  0.09/turn              (no ring)

@: berserk cooldown, slowed, very slow
A: retaliatory headbutt, horns 2
a: Berserk, Trog's Hand, Renounce Religion


You were on level 3 of the Dungeon.
You worshipped Trog.
Trog was pleased with you.
You were very hungry.

You visited 1 branch of the dungeon, and saw 3 of its levels.

You collected 50 gold pieces.

Inventory:

Hand Weapons
 p - a +0 flail (weapon)
 r - a +0 hunting sling
Missiles
 d - 20 bolts
 j - 48 stones (quivered)
 k - 19 arrows
 n - 13 sling bullets
Armour
 b - a +0 animal skin (worn)
 m - a +0 pair of gloves (worn)
Scrolls
 a - a scroll of enchant armour {unknown}
 e - 5 scrolls of identify {unknown}
 f - a scroll of remove curse {unknown}
 h - a scroll of random uselessness {unknown}
 i - a scroll of blinking {unknown}
 o - 2 scrolls of teleportation {unknown}
 s - a scroll of amnesia {unknown}
Potions
 g - 3 potions of curing {unknown}
 l - a potion of heal wounds {unknown}
 q - 2 potions of ambrosia {unknown}
Comestibles
 c - 3 rations


   Skills:
 + Level 4.2 Fighting
 * Level 5.4 Maces & Flails
 * Level 3.0 Armour
 * Level 3.1 Dodging
 * Level 1.2 Stealth


You had 4 spell levels left.
You didn't know any spells.
Your spell library was empty.

Dungeon Overview and Level Annotations

Branches:
Dungeon (3/15)

Altars:
Cheibriados
Zin


Innate Abilities, Weirdness & Mutations

You reflexively headbutt those who attack you in melee.
You have a pair of horns on your head.


Message History

Your Dodging skill increases to level 3!
Your Stealth skill increases to level 1!
You have reached level 4!
You feel agile.
You have reached level 5!
You feel a strong urge to attack something.
You are no longer berserk.
You are exhausted.
You feel yourself slow down.
You hit the river rat.
The river rat is moderately wounded.
The river rat bites you!
* * * LOW HITPOINT WARNING * * *
You are feeling very hungry.
The river rat bites you.
* * * LOW HITPOINT WARNING * * *
The river rat barely misses you. The river rat misses you.
The river rat bites you!
You die...

..#.## #. ..#
#≈≈≈# #.##.#
#≈$≈# #..#.##
#≈≈≈####.#..#
#≈≈≈#....r#)#
#≈≈≈#.###r#.#
#≈rr#.#
#.r.## ####
##'##r#
##.@.#
#.###...
#....r# #...#
#.....##
##...## ##..#
########
##### #..##
#....[. ##..#
#.##### #..##
#...... ##..#
######. #..##
#. #...# #.


You could see 2 river rats and a rat.

Vanquished Creatures
  The ghost of Lluna the Shield-Bearer, an amateur FoFi (D:3)
  An adder (D:2)
  A gnoll (D:1)
  A worm (D:2)
  4 leopard geckos
  5 goblins
  8 hobgoblins
  3 kobolds
  6 bats
  3 frilled lizards
  4 rats
37 creatures vanquished.

Notes
Turn   | Place    | Note
-------+----------+-------------------------------------------
     0 | D:1      | whitewolfNL the Minotaur Berserker began the quest for the
                  | Orb.
     0 | D:1      | Reached XP level 1. HP: 19/19 MP: 0/0
   116 | D:1      | Reached XP level 2. HP: 20/27 MP: 1/1
   120 | D:1      | Reached skill level 4 in Maces & Flails
   886 | D:1      | Reached XP level 3. HP: 14/33 MP: 2/2
  1295 | D:2      | Found a snail-covered altar of Cheibriados.
  1313 | D:2      | Found a glowing silver altar of Zin.
  1332 | D:2      | Reached ** piety under Trog
  2167 | D:3      | Found a runed door.
  2169 | D:3      | Noticed Lluna's ghost (amateur FoFi)
  2181 | D:3      | Killed Lluna's ghost
  2181 | D:3      | Reached skill level 5 in Maces & Flails
  2181 | D:3      | Reached skill level 1 in Stealth
  2181 | D:3      | Reached XP level 4. HP: 16/40 MP: 3/3
  2181 | D:3      | Reached XP level 5. HP: 19/46 MP: 4/4
  2193 | D:3      | Slain by a river rat

Skill      XL: |  1  2  3 |
---------------+----------+-----
Maces & Flails | 4 5 |  5.4
Fighting       | 4 |  4.2
Armour         | 3 |  3.0
Dodging        | 3 |  3.1
Stealth        | 1 |  1.2

Action                   |  1- 3 |  4- 6 || total
-------------------------+-------+-------++-------
Melee: Mace              |    31 |       ||    31
       Headbutt          |     9 |       ||     9
       Flail             |    45 |     1 ||    46
Invok: Berserk           |     1 |       ||     1
 Stab: Sleeping          |     3 |       ||     3
  Eat: Chunk             |     4 |       ||     4
Armor: Animal skin       |    15 |       ||    15
Dodge: Dodged            |    53 |     2 ||    55
